AoeStats
← [CL] Al3jandr0.magn00

Arabia

507999737Analyzed
1v1 RM · 10d ago on Sep 20, 2026· 44m 19s· 2 players
Game mode
Random Map
Map size
Tiny (2 player)
Population
200
Speed
Normal
Resources
Standard
Victory
Conquest
Starting age
Dark Age
Ending age
Imperial Age
RankedLock teamsTeams togetherTeam positionsShared explorationLock speedFull tech treeHidden civsTurbo modeCheats
Victory
Defeat
🇹🇼 Jurchens · Taiwan
1867
+17
🇦🇷 Chinese · Argentina
1886
-17
a522alex
8:25 Feudal Age
8:59 Town Watch
10:00 Bloodlines
10:21 Horse Collar
13:32 Loom
14:18 Double-Bit Axe
17:33 Wheelbarrow
17:38 Forging
18:08 Scale Barding Armor
23:33 Castle Age
21:29 Stone Mining
21:48 Gold Mining
25:02 Gold Shaft Mining
24:16 Light Cavalry
25:32 Iron Casting
25:43 Husbandry
26:49 Chain Barding Armor
28:16 Heavy Plow
30:11 Fletching
43:30 Hand Cart
[CL] Al3jandr0.magn00
0:26 Loom
8:56 Feudal Age
9:30 Double-Bit Axe
9:43 Horse Collar
15:51 Bloodlines
17:45 Forging
22:10 Castle Age
21:51 Scale Barding Armor
22:14 Pikeman
22:57 Scale Mail Armor
22:26 Light Cavalry
24:15 Husbandry
25:15 Wheelbarrow
25:23 Squires
29:09 Iron Casting
29:15 Chain Mail Armor
37:03 Chain Barding Armor
Connection lost

Rejoining the realm…

Still unreachable

The connection could not be restored.

Session expired

The server has moved on; the page needs a fresh start.